 Dungeon Crawl Stone Soup version 0.22.0-27-ga576289 (webtiles) character file.

19 Monsterracer the Insei (level 2, -2/16 HPs)
             Began as a Kobold Wanderer on Aug 22, 2018.
             Slain by a hobgoblin
             ... wielding a +0 club
              (5 damage)
             ... on level 1 of the Dungeon.
             The game lasted 00:00:58 (586 turns).

Monsterracer the Insei (Kobold Wanderer)             Turns: 586, Time: 00:00:59

Health: -2/16      AC:  2    Str:  9    XL:     2   Next: 95%
Magic:  2/2        EV: 10    Int: 16    God:
Gold:   29         SH:  7    Dex: 11    Spells: 1/1 levels left

rFire    . . .     SeeInvis .     - Unarmed
rCold    . . .     Gourm    .   a - +0 shield
rNeg     . . .     Faith    .   d - +0 robe
rPois    .         Spirit   .   (no helmet)
rElec    .         Reflect  .   (no cloak)
rCorr    .         Harm     .   (no gloves)
MR       .....                  (no boots)
Stlth    +.........             (no amulet)
HPRegen  0.05/turn              (no ring)
MPRegen  0.08/turn              (no ring)

@: no status effects
A: small, carnivore
a: no special abilities


You were on level 1 of the Dungeon.
You were very full.

You visited 1 branch of the dungeon, and saw 1 of its levels.

You collected 29 gold pieces.

Inventory:

Armour
 a - a +0 shield (worn)
 d - a +0 robe (worn)
Scrolls
 b - a scroll of remove curse {unknown}
Potions
 e - a potion of degeneration {unknown}
Comestibles
 c - a ration


   Skills:
 + Level 1.0 Fighting
 - Level 1.1 Throwing
 + Level 1.3 Shields
 * Level 3.5 Unarmed Combat
   Level 3.0 Transmutations
   Level 2.0 Poison Magic


You had one spell level left.
You didn't know any spells.
Your spell library contained the following spells:

 Spells                   Type           Power        Failure   Level  Hunger
 Sting                    Conj/Pois      #...         71%         1    ##.....
 Mephitic Cloud           Conj/Pois/Air  #.......     98%         3    ####...


Dungeon Overview and Level Annotations

Branches:
Dungeon (1/15)

Altars:


Innate Abilities, Weirdness & Mutations

You are small and have problems with some larger weapons.
You are carnivorous and can eat meat at any time.


Message History

a bat corpse; a jackal corpse; Health restored: 16
e - a fuming cyan potion No target in view!
You swing at nothing.
You swing at nothing.
You swing at nothing.
There is a stone staircase leading down here.
A hobgoblin comes into view.
You see here 13 gold pieces.
A hobgoblin is nearby!
The hobgoblin shouts!
A hobgoblin is nearby!
A jackal comes into view. x2
There are monsters nearby!
A jackal comes into view.
The jackal barks! x3
The hobgoblin hits you.
A hobgoblin comes into view. It is wielding a club.
Found a sapphire potion.
You take 3 damage, and have 13/16 hp.
You hit the hobgoblin.
The hobgoblin is severely wounded.
You block the jackal's attack.
You barely miss the hobgoblin.
The hobgoblin is severely wounded.
You block the hobgoblin's attack. The jackal bites you.
You take 3 damage, and have 10/16 hp.
The jackal bites you but does no damage.
You hit the jackal but do no damage. You block the jackal's attack.
You completely miss the jackal. The jackal bites you.
You take 1 damage, and have 9/16 hp.
You closely miss the jackal. The jackal bites you.
* * * LOW HITPOINT WARNING * * *
The jackal closely misses you.
You take 3 damage, and have 6/16 hp.
You hit the jackal but do no damage.
The jackal bites you but does no damage.
You closely miss the jackal. You block the jackal's attack. x2
You barely miss the jackal. You block the jackal's attack.
You closely miss the jackal. The jackal barely misses you.
You hit the jackal.
You kill the jackal!
You closely miss the hobgoblin.
The hobgoblin is severely wounded.
The hobgoblin barely misses you.
You hit the hobgoblin.
You kill the hobgoblin!
Your Fighting skill increases to level 1!
The jackal bites you but does no damage.
You closely miss the jackal. The jackal misses you.
You hit the jackal.
The jackal is heavily wounded.
The jackal bites you but does no damage.
You block the jackal's attack.
You hit the jackal.
The jackal is severely wounded.
The jackal bites you.
* * * LOW HITPOINT WARNING * * *
You hit the jackal.
You kill the jackal!
The jackal bites you but does no damage.
You hit the jackal.
The jackal is heavily wounded.
The jackal closely misses you.
You hit the jackal but do no damage.
The jackal is heavily wounded.
The jackal misses you. You block the jackal's attack.
You hit the jackal but do no damage.
The jackal is heavily wounded.
You block the jackal's attack.
You closely miss the jackal.
The jackal is heavily wounded.
The jackal barely misses you. x2
You hit the jackal but do no damage.
The jackal is heavily wounded.
The jackal barely misses you.
You hit the jackal.
The jackal is severely wounded.
The jackal closely misses you. The jackal barely misses you.
You hit the jackal but do no damage.
The jackal is moderately wounded.
The jackal barely misses you.
You hit the jackal.
You kill the jackal!
You block the hobgoblin's attack.
You hit the hobgoblin.
The hobgoblin is heavily wounded.
The hobgoblin barely misses you.
Unknown command.
You hit the hobgoblin but do no damage.
The hobgoblin is heavily wounded.
The hobgoblin hits you with a club.
* * * LOW HITPOINT WARNING * * *
You take 3 damage, and have 3/16 hp.
You closely miss the hobgoblin.
The hobgoblin is heavily wounded.
The hobgoblin barely misses you.
You barely miss the hobgoblin.
The hobgoblin is heavily wounded.
The hobgoblin hits you with a club.
You die...

#....###†#...
#......####..
.##......# .#
.........# .. #
####>###.##### # !#
#.........## ..##
####.####..# .....
#.#####.#####......
#.......$.@g.......
##........##.......
.....######..##......
....... ...# #.....
######## ##### .....
.... ... ...


You could see a hobgoblin.

Vanquished Creatures
  2 bats (D:1)
  A giant cockroach (D:1)
  2 goblins (D:1)
  2 hobgoblins (D:1)
  5 jackals (D:1)
  2 kobolds (D:1)
  A rat (D:1)
15 creatures vanquished.

Notes
Turn   | Place    | Note
-------+----------+-------------------------------------------
     0 | D:1      | Monsterracer the Kobold Wanderer began the quest for the Orb.
     0 | D:1      | Monsterracer set off with: a +0 shield, a +0 short sword, a ration, a +0 robe
     0 | D:1      | Reached XP level 1. HP: 10/10 MP: 1/1
    56 | D:1      | HP: 5/10 [goblin/dagger (4)]
    59 | D:1      | HP: 1/10 [goblin/dagger (3)]
   367 | D:1      | Reached XP level 2. HP: 14/16 MP: 2/2
   563 | D:1      | HP: 6/16 [jackal (3)]
   570 | D:1      | Reached skill level 1 in Fighting
   573 | D:1      | HP: 6/16 [jackal (1)]
   584 | D:1      | HP: 3/16 [hobgoblin/club (3)]
   586 | D:1      | Slain by a hobgoblin

Skill      XL: |  1  2 |
---------------+-------+-----
Fighting       | 1 |  1.0
Throwing       | |  1.1
Shields        | |  1.3
Unarmed Combat | |  3.5
Transmutations | |  3.0
Poison Magic   | |  2.0

Action                   || total
-------------------------++-------
Melee: Unarmed           ||    76
  Eat: Chunk             ||     7
Armor: Robe              ||    18
Dodge: Dodged            ||    38
Block: Shield            ||    27

Vault maps used:
D:1:      dpeg_arrival_pond
